 Dungeon Crawl Stone Soup version 0.18.1-1-g2f07953 (webtiles) character file.

74 Romlok the Slasher (level 4, -20/26 HPs)
             Began as a Gargoyle Warper on May 7, 2016.
             Killed from afar by a sheep (46 damage)
             ... with an exploding inner flame
             ... on level 3 of the Dungeon.
             The game lasted 00:19:43 (1854 turns).

Romlok the Slasher (Gargoyle Warper)                Turns: 1854, Time: 00:19:43

Health: -20/26     AC:  7    Str: 15    XL:     4   Next: 30%
Magic:  7/7        EV: 11    Int: 13    God:
Gold:   84         SH:  7    Dex: 10    Spells: 2 memorised, 4 levels left

rFire  . . .     SeeInvis .     a - +0 falchion
rCold  . . .     Gourm    .     b - +0 leather armour
rNeg   + . .     Faith    .     n - +0 buckler
rPois  ∞         Spirit   .     o - +0 helmet
rElec  +         Dismiss  .     (no cloak)
rCorr  .         Reflect  +     (no gloves)
SustAt .         Harm     .     (no boots)
MR     .....                    s - +3 amulet of reflection
Stlth  ++........               (no ring)
                                l - ring of stealth

@: not resistant to hostile enchantments, unstealthy
A: negative energy resistance 1, electricity resistance, unbreathing,
petrification resistance, rot immunity, AC +3
a: no special abilities


You were on level 3 of the Dungeon.
You were not hungry.

You visited 1 branch of the dungeon, and saw 3 of its levels.

You collected 84 gold pieces.

Inventory:

Hand Weapons
 a - a +0 falchion (weapon)
Missiles
 e - 5 tomahawks of dispersal
 g - 49 stones (quivered)
Armour
 b - a +0 leather armour (worn)
 n - a +0 buckler (worn)
 o - a +0 helmet (worn)
Jewellery
 l - a ring of stealth (left hand)
 s - a +3 amulet of reflection (around neck)
Scrolls
 d - a scroll of blinking
 i - a scroll of enchant weapon {unknown}
 j - 4 scrolls of identify {unknown}
 k - 5 scrolls of fear {unknown}
Potions
 m - a potion of curing {unknown}
 p - a potion of degeneration {unknown}
 q - a potion of ambrosia {unknown}
 r - a potion of mutation {unknown}
 t - a potion of heal wounds {unknown}
 u - a potion of agility {unknown}
Books
 c - a book of Spatial Translocations

   Spells                             Type                      Level
   a - Apportation                    Translocation                1
   b - Blink                          Translocation                2
   c - Shroud of Golubria             Charms/Translocation         2
   d - Portal Projectile              Translocation                3
   e - Teleport Other                 Translocation                3
   f - Passage of Golubria            Translocation                4
Comestibles
 f - a bread ration
 h - 2 beef jerkies


   Skills:
 - Level 2.1 Fighting
 + Level 3.2 Long Blades
 - Level 0.8 Throwing
 + Level 1.9 Armour
 - Level 1.5 Dodging
 * Level 1.9 Shields
 - Level 2.0 Spellcasting
 - Level 2.6 Translocations


You had 4 spell levels left.
You knew the following spells:

 Your Spells              Type           Power        Failure   Level  Hunger
a - Apportation           Tloc           #.........   14%         1    ##.....
b - Blink                 Tloc           N/A          21%         2    ###....


Dungeon Overview and Level Annotations

Branches:
Dungeon (3/15)

Altars:
Xom


Innate Abilities, Weirdness & Mutations

You are resistant to torment.
Your stone body is resilient (AC +3).
You are immune to poison.
You resist negative energy.
You are resistant to electric shocks.
You can survive without breathing.
You are immune to petrification.
You are immune to rotting.


Message History

A sheep catches fire!
The sheep stampedes away.
A sheep catches fire!
The sheep panics and turns to flee.
You hear mad divine giggling.
Found a shimmering altar of Xom.
The sheep burns! x5
Throwing (i - inventory. (,) - cycle):
g - 50 stones (quivered)
Press: ? - help, Shift-Dir - straight line You throw a stone.
The sheep bellows! x4
The stone hits the sheep.
Your attack snaps the sheep out of its fear.
The sheep is moderately wounded.
The sheep burns! x10
You hit the sheep.
The sheep explodes!
The fiery explosion engulfs you!
Ouch! That really hurt!
You die...

######### ###
.########........ ..#
..........#.########.###
########.....##...)......
.........#......#####.###
.........#..#########.#
...Y.....#..# #.......#
......§.§#..# #.#######
....Y.§§@...# #.#
...Y....§#### #.#
.....Y...# #.# .........#
#.# .........# #.#
..#.####.# #.# #... #.#
#.# .. #.# #.# #.#


You could see 4 sheep.

Vanquished Creatures
  2 adders
  2 worms (D:2)
  2 dart slugs
  A giant gecko (D:2)
  A ball python (D:1)
  3 giant cockroaches
  5 goblins
  5 hobgoblins
  3 jackals (D:2)
  A quokka (D:2)
  6 bats
  2 giant newts (D:2)
  5 kobolds
  6 rats
44 creatures vanquished.

Notes
Turn   | Place    | Note
--------------------------------------------------------------
     0 | D:1      | Romlok the Gargoyle Warper began the quest for the Orb.
     0 | D:1      | Reached XP level 1. HP: 12/12 MP: 3/3
    41 | D:1      | Reached skill level 2 in Long Blades
   121 | D:1      | Reached XP level 2. HP: 15/17 MP: 5/5
   471 | D:1      | Reached skill level 3 in Long Blades
   471 | D:1      | Reached XP level 3. HP: 20/21 MP: 6/6
   993 | D:2      | Reached skill level 1 in Shields
  1537 | D:2      | Reached XP level 4. HP: 23/26 MP: 7/7
  1541 | D:2      | Learned a level 2 spell: Blink
  1851 | D:3      | Found a shimmering altar of Xom.
  1854 | D:3      | Killed from afar by a sheep

Skill      XL: |  1  2  3 |
---------------+----------+-----
Long Blades    | 2 3 |  3.2
Shields        | 1 |  1.9
Fighting       | |  2.1
Throwing       | |  0.8
Armour         | |  1.9
Dodging        | |  1.5
Spellcasting   | |  2.0
Translocations | |  2.6

Action                   |  1- 3 |  4- 6 || total
-------------------------+-------+-------++-------
Melee: Falchion          |   129 |    19 ||   148
Throw: Stone             |    73 |    13 ||    86
 Stab: Sleeping          |     5 |       ||     5
  Eat: Chunk             |     2 |     1 ||     3
Armor: Leather armour    |    32 |     8 ||    40
Dodge: Dodged            |    59 |     6 ||    65
Block: Buckler           |    21 |     4 ||    25
